 Dungeon Crawl Stone Soup version 0.32-a0-329-ge6c31236d6 (webtiles) character file.

Game seed: 13962113116008179746

368 Ceno the Insei (level 6, -5/42 HPs)
             Began as an Octopode Shapeshifter on Feb 17, 2024.
             Was a Believer of Elyvilon.
             Killed from afar by a kobold (20 damage)
             ... with an iceblast
             ... on level 4 of the Dungeon.
             The game lasted 00:05:37 (3141 turns).

Ceno the Insei (Octopode Shapeshifter)              Turns: 3141, Time: 00:05:37

Health: -5/42      AC:  1    Str: 13    XL:     6   Next: 69%
Magic:  6/6        EV: 13    Int: 13    God:    Elyvilon [**....]
Gold:   223        SH:  0    Dex: 13    Spells: 5/5 levels left

rFire   . .          .
                       - Unarmed
rCold   . . .        (no shield)
rNeg    . . .        (helmet currently unavailable)
rPois   .            (no amulet)
rElec   .            (no ring)
rCorr   .            (no ring)
SInv    .            (no ring)
Will    .....        (no ring)
Stlth   ++++         (no ring)
HPRegen 0.27/turn    (no ring)
MPRegen 0.10/turn    (no ring)
                     (no ring)

%: no passive effects
@: beast-form
A: beast (slay +2), almost no armour, amphibious, 8 rings, camouflage 1,
gelatinous body 1, (nimble swimmer 1), tentacles
a: Begin Untransformation, Renounce Religion, Purification, Heal Other


You were on level 4 of the Dungeon.
You worshipped Elyvilon.
Elyvilon was pleased with you.
You were a hulking beast.
You visited 2 branches of the dungeon, and saw 5 of its levels.

You collected 223 gold pieces.

Inventory:

Missiles
 d - 22 stones (quivered)
 m - 2 poisoned darts
Armour
 n - a +0 hat
Talismans
 b - a beast talisman (active)
 c - a flux talisman
Wands
 p - a wand of light (4)
Scrolls
 f - a scroll of blinking
 g - 2 scrolls of enchant weapon {unknown}
 h - 2 scrolls of teleportation
 i - a scroll of immolation {unknown}
 k - 2 scrolls of revelation {unknown}
 l - a scroll of poison
 o - a scroll of torment {unknown}
 r - a scroll of fog {unknown}
 s - a scroll of noise {unknown}
 t - 2 scrolls of identify
Potions
 a - a potion of lignification
 e - 5 potions of curing
 j - 2 potions of brilliance
 q - a potion of attraction {unknown}
 u - a potion of berserk rage {unknown}


   Skills:
 + Level 3.3 Fighting
 - Level 2.0 Dodging
 + Level 4.4 Stealth
 + Level 4.4 Unarmed Combat
 + Level 4.2 Shapeshifting


You had 5 spell levels left.
You didn't know any spells.
Your spell library was empty.

Dungeon Overview and Level Annotations

Branches:
Dungeon (4/15)             Temple (1/1) D:4

Altars:
Ashenzari
Cheibriados
Dithmenos
Elyvilon
Fedhas
Hepliaklqana
Makhleb
Nemelex Xobeh
Okawaru
Qazlal
Sif Muna
Trog
Vehumet
Wu Jian
Xom
Yredelemnul
The Shining One


Innate Abilities, Weirdness & Mutations

You are a hulking beast.
Your limbs bulge with bestial killing power. (Slay +2)
You cannot wear most types of armour.
You are amphibious.
You can wear up to eight rings at the same time.
Your skin changes colour to match your surroundings (Stealth+).
Your rubbery body absorbs attacks. (AC +1, EV +1)
((You are camouflaged when in or above water. (Stealth+)))
You have tentacles for arms and can constrict up to eight enemies at once.


Message History

You feel sick.
You feel sick.
You are no longer poisoned.
An orc comes into view. It is wielding a +0 trident.
Found a scroll of identify and a club.
You see here an adder corpse.
You barely miss the orc. You grab the orc. You constrict the orc.
The orc barely misses you.
You tentacle-slap the orc but do no damage.
The orc is heavily wounded.
You constrict the orc. The orc misses you.
You tentacle-slap the orc.
The orc is almost dead.
You constrict the orc.
You kill the orc!
t - 2 scrolls of identify (gained 1)
An adder comes into view.
The adder hisses angrily.
You see here a +0 club.
You bludgeon the adder! You grab the adder.
The adder is severely wounded.
You constrict the adder.
The adder bites you but does no damage. x2
You barely miss the adder. You squeeze the adder.
You kill the adder!
HP restored.
An orc comes into view. It is wielding a +0 flail.
A kobold comes into view.
It is wielding a +0 quarterstaff and carrying a wand of iceblast.
The helpless orc fails to defend itself.
You bludgeon the orc!
You kill the orc!
A hobgoblin comes into view.
The hobgoblin shouts!
The hobgoblin closely misses you.
The kobold zaps a wand.
The mass of ice explodes!
The iceblast engulfs the hobgoblin!
The hobgoblin dies!
The iceblast engulfs you!
The kobold zaps a wand.
The mass of ice explodes!
The iceblast engulfs you!
You see here a hobgoblin corpse.
The kobold zaps a wand.
The mass of ice explodes!
The iceblast engulfs you!!
You die...

...........)...)†....#
......)#########.....#
....####.......###†)##
..###...............# .
..#........ß........# ..
..#........)......###...
.##..###.......####.....
.#.....#########........
.#.............†hK......
##ß...................###
.#####.).........######.#
...#
################.#.###
#.## ########...#...# #.#
#........#####.# #.# #.#
#.######...#...# #.# #.#
#..........#.### #.# #.#
#.########...# #.#


You could see a kobold.

Vanquished Creatures
  A scorpion (D:4)
  2 orc priests (D:4)
  2 iguanas (D:4)
  Ijyb (D:3)
  7 adders
  A shadow imp (D:3)
  2 ribbon worms (D:2)
  5 orcs (D:4)
  5 bats
  6 endoplasms
  4 giant cockroaches
  2 goblins (D:1)
  2 hobgoblins (D:1)
  A quokka (D:3)
  10 ball pythons
  6 frilled lizards
  A kobold (D:2)
  2 rats
60 creatures vanquished.

Vanquished Creatures (others)
  A hobgoblin (D:4)
1 creature vanquished.

Grand Total: 61 creatures vanquished

Notes
Turn   | Place    | Note
-------+----------+-------------------------------------------
     0 | D:1      | Ceno the Octopode Shapeshifter began the quest for the Orb.
     0 | D:1      | Reached XP level 1. HP: 13/13 MP: 1/1
     6 | D:1      | Noticed a wyvern
     6 | D:1      | Noticed a komodo dragon
     6 | D:1      | Noticed a mana viper
     6 | D:1      | Noticed a swamp worm
   109 | D:1      | Reached skill level 1 in Stealth
   109 | D:1      | Reached XP level 2. HP: 18/18 MP: 2/2
   291 | D:1      | Reached XP level 3. HP: 23/23 MP: 3/3
   712 | D:2      | Found a white marble altar of Elyvilon.
   722 | D:2      | Became a worshipper of Elyvilon the Healer
   929 | D:2      | Reached XP level 4. HP: 29/29 MP: 4/4
  1936 | D:3      | Reached * piety under Elyvilon
  2003 | D:3      | Noticed Ijyb
  2025 | D:3      | Killed Ijyb
  2026 | D:3      | Reached XP level 5. HP: 30/35 MP: 5/5
  2670 | D:4      | Reached XP level 6. HP: 41/41 MP: 6/6
  2737 | D:4      | Found a staircase to the Ecumenical Temple.
  2753 | Temple   | Entered the Ecumenical Temple
  2961 | D:4      | Reached ** piety under Elyvilon
  3141 | D:4      | Killed from afar by a kobold

Illustrated notes

Levels and vault maps discovered:
D:1:      onia_arrival_zoo_common, layout_loops_ring
D:2:      layout_basic, basic_altar
D:3:      layout_loops_ring, columned_hall_lemuel, uniq_ijyb
D:4:      kennysheep_spiral_hall, layout_loops_ring,
          minmay_temple_entry_junction
Temple:   bh_familiar_temple

Skill      XL: |  1  2  3  4  5  6 |
---------------+-------------------+-----
Stealth        | 1 2 3 4 |  4.4
Fighting       | 2 3 |  3.3
Unarmed Combat | 4 |  4.4
Shapeshifting  | 4 |  4.2
Dodging        | |  2.0

Action                     |  1- 3 |  4- 6 || total
---------------------------+-------+-------++-------
  Melee: Unarmed           |    44 |    84 ||   128
         Constrict         |     9 |    20 ||    29
         Tentacles         |     4 |    21 ||    25
         Punch             |     2 |     1 ||     3
  Throw: Dart              |       |     2 ||     2
    Use: Scroll            |       |     5 ||     5
   Stab: Sleeping          |     9 |    13 ||    22
 Armour: Skin              |    13 |    28 ||    41
  Dodge: Dodged            |    19 |    32 ||    51

Table legend: (Time is in decaauts)
 A = Elapsed time spent in this place.
 B = Non-inter-level travel time spent in this place.
 C = Inter-level travel time spent in this place.
 D = Time resting spent in this place.
 E = Time spent auto-exploring this place.
 F = Levels seen in this place.
 G = Mean time per level.
                   A        B        C        D        E       F      G
               +--------+--------+--------+--------+--------+-----+--------+
         Total |   3133 |   3016 |    117 |    171 |   2149 |   5 |  626.6 |
       Dungeon |   3101 |   2999 |    102 |    171 |   2149 |   4 |  775.2 |
        Temple |     31 |     16 |     15 |      0 |      0 |   1 |   31.0 |
               +--------+--------+--------+--------+--------+-----+--------+

Top non-repeatable levels by time:
     D:2: 984 daAuts
     D:4: 804 daAuts
     D:3: 662 daAuts
     D:1: 650 daAuts
  Temple: 31 daAuts
